 Dungeon Crawl Stone Soup version 0.31-a0-675-g238779eb0a (webtiles) character file.

Game seed: 18143350443412151657

63 avis the Ducker (level 3, -14/17 HPs)
             Began as a Felid Shapeshifter on Sept 6, 2023.
             Killed by divine providence
             ... invoked by an orc priest
              (15 damage)
             ... on level 3 of the Dungeon.
             The game lasted 00:09:04 (2494 turns).

avis the Ducker (Felid Shapeshifter)                Turns: 2494, Time: 00:09:04

Health: -14/17     AC:  1    Str: 12    XL:     3   Next: 87%
Magic:  4/4        EV: 18    Int: 11    God:
Gold:   111        SH:  0    Dex: 15    Spells: 2/2 levels left
                                        Lives:  0   Deaths: 1

rFire   . .          .
                       - Unarmed
rCold   . . .        (shield unavailable)
rNeg    . . .        (body armour unavailable)
rPois   .            (helmet unavailable)
rElec   .            (cloak unavailable)
rCorr   .            (gloves unavailable)
SInv    +            (boots unavailable)
Will    .....        (no amulet)
Stlth   +            (no ring)
HPRegen 0.22/turn    (no ring)
MPRegen 0.09/turn

%: no passive effects
@: beast-form, quick
A: beast (slay +2), very small, claws 1, fangs 3, see invisible, speed 1, shaggy
fur 1, stealthy paws, no weapons or thrown items, no armour, multi-lived
a: Begin Untransformation


You were on level 3 of the Dungeon.
You were a hulking beast.
You visited 1 branch of the dungeon, and saw 3 of its levels.

You collected 111 gold pieces.

Inventory:

Jewellery
 o - a ring of fire
Talismans
 b - a beast talisman (active)
 c - a flux talisman
Scrolls
 f - a scroll of amnesia {unknown}
 g - a scroll of immolation {unknown}
 j - a scroll of identify {unknown}
 k - a scroll of revelation {unknown}
 l - 2 scrolls of fear {unknown}
 m - a scroll of teleportation {unknown}
 n - a scroll of noise {unknown}
 p - a scroll of silence {unknown}
Potions
 a - a potion of lignification
 d - 2 potions of magic {unknown}
 e - 2 potions of heal wounds {unknown}
 h - a potion of attraction {unknown}
 i - a potion of curing {unknown}
 q - a potion of enlightenment {unknown}


   Skills:
 - Level 3.0 Fighting
 * Level 3.8 Dodging
 - Level 3.0 Unarmed Combat
 - Level 3.5 Shapeshifting


You had 2 spell levels left.
You didn't know any spells.
Your spell library contained the following spells:

 Spells                   Type           Power      Damage    Failure   Level
 Sublimation of Blood     Necr           0%         N/A       47%         2
 Petrify                  Tmut/Erth      0%         N/A       98%         4
 Irradiate                Conj/Tmut      0%         3d11      100%        5


Dungeon Overview and Level Annotations

Branches:
Dungeon (3/15)

Altars:

Shops:
D:1 *


Innate Abilities, Weirdness & Mutations

You are a hulking beast.
Your limbs bulge with bestial killing power. (Slay +2)
You have sharp claws.
You have razor-sharp teeth.
You have supernaturally acute eyesight. (SInv)
You cover ground quickly. (Speed+)
You are covered in fur. (AC +1)
Your paws help you pounce on unaware monsters.
You are incapable of wielding weapons or throwing items.
You cannot wear armour.
You gain extra lives every three experience levels.


Message History

You closely miss the orc. You claw the orc.
You kill the orc!
Things that are here:
a +0 club; a +0 war axe; an orc corpse You start resting.
HP restored.
You see here a +0 flail.
There is a stone staircase leading down here.
You see here the felid corpse of avis.
You climb downwards.
The orc barely misses you.
There is a stone staircase leading up here.
You scratch the orc.
The orc is lightly wounded.
The orc hits you but does no damage.
You closely miss the orc.
The orc is lightly wounded.
You scratch the orc.
You kill the orc!
The orc priest begins to cast a cantrip, but forgets the words!
The orc priest calls down the wrath of Beogh upon you.
Pain shoots through your body!
Ouch! That really hurt!
You closely miss the orc priest.
You bite the orc priest, but do no damage.
The orc priest misses you.
Unknown command.
You claw the orc priest! You bite the orc priest.
The orc priest is heavily wounded.
You scratch the orc priest but do no damage.
The orc priest is heavily wounded.
The orc priest hits you with a +0 short sword.
* * * LOW HITPOINT WARNING * * *
You closely miss the orc priest.
The orc priest is heavily wounded.
The orc priest barely misses you.
You scratch the orc priest.
The orc priest is almost dead.
The orc priest mumbles some strange prayers to Beogh against you.
Beogh smites you!
Ouch! That really hurt!
You die...

.##.######........### .#
.##..###
########.#.###.####
.......# #...........
.##..#.# #...........
.##..#.# ##..<.......
##.....# ##..).......
#..##..# ##......#####
#.###..## #[......#
..###...# #####h......#
........####...o.....###
#####....#........#### #
#....#......#.# #
##.#...........#########
####..............#.......#
.##...............#.......#
......##.........##.......#
..###.)..o................#


You could see an orc priest.

Vanquished Creatures
  A worm (D:2)
  2 dart slugs (D:2)
  4 orcs
  2 bats
  6 endoplasms
  A giant cockroach (D:1)
  8 goblins
  3 hobgoblins (D:1)
  2 jackals (D:1)
  8 ball pythons
  3 frilled lizards
  4 kobolds
  3 rats (D:1)
47 creatures vanquished.

Notes
Turn   | Place    | Note
-------+----------+-------------------------------------------
     0 | D:1      | avis the Felid Shapeshifter began the quest for the Orb.
     0 | D:1      | Reached XP level 1. HP: 9/9 MP: 2/2
   466 | D:1      | Reached XP level 2. HP: 13/13 MP: 3/3
   490 | D:1      | Found Judwiejon's Assorted Antiques.
   638 | D:1      | Found a faded altar of an unknown god.
   668 | D:1      | Reached XP level 3. HP: 16/16 MP: 4/4
  2451 | D:2      | Slain by an orc
  2494 | D:3      | Killed from afar by an orc priest

Illustrated notes

Levels and vault maps discovered:
D:1:      dpeg_arrival_triangle_fractal, layout_rooms, serial_shops, shop,
          nicolae_ecumenical_snake_handling
D:2:      layout_basic
D:3:      layout_rooms, nicolae_overflow_ecumenical_swirl,
          guppyfry_early_lair_pool

Skill      XL: |  1  2  3 |
---------------+----------+-----
Fighting       | 2 3 |  3.0
Dodging        | 3 |  3.8
Unarmed Combat | |  3.0
Shapeshifting  | |  3.5

Action                     || total
---------------------------++-------
  Melee: Unarmed           ||   102
         Bite              ||    12
         Punch             ||     3
   Stab: Sleeping          ||     3
 Armour: Skin              ||    22
  Dodge: Dodged            ||    70

Table legend: (Time is in decaauts)
 A = Elapsed time spent in this place.
 B = Non-inter-level travel time spent in this place.
 C = Inter-level travel time spent in this place.
 D = Time resting spent in this place.
 E = Time spent auto-exploring this place.
 F = Levels seen in this place.
 G = Mean time per level.
                   A        B        C        D        E       F      G
               +--------+--------+--------+--------+--------+-----+--------+
         Total |   2098 |   1737 |    361 |    266 |    958 |   3 |  699.3 |
       Dungeon |   2098 |   1737 |    361 |    266 |    958 |   3 |  699.3 |
               +--------+--------+--------+--------+--------+-----+--------+

Top non-repeatable levels by time:
     D:2: 982 daAuts
     D:1: 884 daAuts
     D:3: 231 daAuts
